[Event "Gaprindashvili Cup Open II Stage 2020"]
[Site "Online"]
[Date "2020.11.08"]
[Round "2.10"]
[White "Petriashvili, Nikoloz"]
[Black "Bagaturov, Giorgi"]
[Result "1/2-1/2"]
[ECO "B30"]
[WhiteElo "2425"]
[BlackElo "2431"]
[Annotator "ChessBase"]
[PlyCount "119"]
[EventDate "2020.11.04"]
[EventType "swiss"]
[SourceTitle "playchess.com"]
[Source "ChessBase"]
[SourceQuality "1"]
[TimeControl "1500+5"]

1. e4 c5 2. Nc3 Nc6 3. Bb5 Nd4 4. Nf3 e6 5. O-O a6 6. Bd3 Nc6 7. Re1 d6 8. Bf1 Nf6 9. d4 cxd4 10. Nxd4 Qc7 11. Bg5 Be7 12. Nxc6 bxc6 13. Qd3 O-O 14. Rad1 Rd8 15. Qg3 e5 16. Bc4 Nh5 17. Qh4 Bxg5 18. Qxh5 Bf6 19. Rd3 Qe7 20. Red1 Be6 21. Bxe6 Qxe6 22. b3 Be7 23. h3 g6 24. Qg4 Kg7 25. Qxe6 fxe6 26. Re1 Rab8 27. Na4 Bf6 28. Red1 Be7 29. Re1 Bf6 30. g3 Kf7 31. Nb2 d5 32. Rc3 Rd6 33. Nd3 Kg7 34. Rc5 Bd8 35. Nxe5 Bb6 36. Rxc6 Rxc6 37. Nxc6 Rc8 38. exd5 exd5 39. Nb4 Ba5 40. Re7+ Kf8 41. Nxd5 Rxc2 42. Rxh7 Rxa2 43. b4 Rd2 44. Nf4 Bb6 45. Nxg6+ Kg8 46. Rb7 Bxf2+ 47. Kg2 Be1+ 48. Kf3 Rb2 49. h4 Rxb4 50. Ra7 Rb3+ 51. Ke4 Rxg3 52. h5 Rg5 53. Ne7+ Kh8 54. h6 Bc3 55. Nd5 Re5+ 56. Kd3 Rxd5+ 57. Kxc3 Rh5 58. Rxa6 Kh7 59. Rb6 Rxh6 60. Rxh6+ 1/2-1/2

[Event "Gaprindashvili Cup Open II Stage 2020"]
[Site "Online"]
[Date "2020.11.08"]
[Round "2.11"]
[White "kiladze, Luka"]
[Black "Tsereteli, Tornike"]
[Result "0-1"]
[ECO "D38"]
[WhiteElo "1786"]
[BlackElo "1765"]
[Annotator "NA"]
[PlyCount "84"]
[EventDate "2020.11.04"]
[EventType "swiss"]
[SourceTitle "playchess.com"]
[Source "ChessBase"]
[SourceQuality "1"]
[TimeControl "1500+5"]

1. d4 Nf6 2. Nf3 e6 3. c4 d5 4. Nc3 Bb4 5. Bg5 h6 6. Bh4 g5 7. Bg3 Ne4 8. Qc2 c5 9. cxd5 exd5 10. dxc5 Bf5 11. Nd4 Qa5 12. O-O-O Nxg3 13. Nxf5 Nxh1 14. Nd6+ Kf8 15. Nxd5 Qxc5 16. Nxb4 Qxc2+ 17. Nxc2 Nxf2 18. Rd5 Nc6 19. Rf5 Ke7 20. Nxf7 Rhf8 21. Nxh6 Ke6 22. Rxg5 Rf6 23. Ng8 Rf5 24. Rg7 Rd8 25. Ne3 Rc5+ 26. Kb1 Re5 27. Rg3 Ne4 28. Rh3 Rxg8 29. Nc4 Rf5 30. Ne3 Rc5 31. Rh6+ Kf7 32. b4 Nxb4 33. Rh4 Nd2+ 34. Kb2 Nxf1 35. Nxf1 a5 36. a3 Nc6 37. Rf4+ Ke7 38. g4 Rf8 39. Re4+ Re5 40. Ng3 Rxe4 41. Nxe4 Rf4 42. Nc5 b6 0-1

[Event "Gaprindashvili Cup Open II Stage 2020"]
[Site "Online"]
[Date "2020.11.08"]
[Round "2.12"]
[White "Kacharava, Nikolozi"]
[Black "Qalichava, Akaki"]
[Result "1-0"]
[ECO "B48"]
[WhiteElo "2443"]
[BlackElo "1877"]
[Annotator "ChessBase"]
[PlyCount "79"]
[EventDate "2020.11.04"]
[EventType "swiss"]
[SourceTitle "playchess.com"]
[Source "ChessBase"]
[SourceQuality "1"]
[TimeControl "1500+5"]

1. e4 c5 2. Nf3 e6 3. d4 cxd4 4. Nxd4 Nc6 5. Nc3 Qc7 6. Be3 a6 7. Qf3 Nf6 8. O-O-O Bb4 9. Nxc6 bxc6 10. Bd4 Be7 11. e5 Nd5 12. Ne4 Rb8 13. c4 c5 14. Nd6+ Bxd6 15. exd6 Qd8 16. Bxc5 Nb4 17. Bxb4 Rxb4 18. Qc3 Qg5+ 19. Kb1 a5 20. h4 Qf6 21. Qxf6 gxf6 22. Bd3 Bb7 23. a3 Rb3 24. Ka2 Rb6 25. c5 Bd5+ 26. Ka1 Rb3 27. f3 O-O 28. Rd2 Rc8 29. Rc1 Kg7 30. Be4 Bxe4 31. fxe4 Rc6 32. Rc4 Kg6 33. Ka2 Rb5 34. b4 f5 35. exf5+ Kxf5 36. Rf2+ Kg6 37. Rg4+ Kh5 38. Rg5+ Kxh4 39. Rg7 e5 40. Rf1 1-0

[Event "Gaprindashvili Cup Open II Stage 2020"]
[Site "Online"]
[Date "2020.11.08"]
[Round "2.13"]
[White "Kekelidze, Mikheil"]
[Black "Nemsadze, Daviti"]
[Result "0-1"]
[ECO "B07"]
[WhiteElo "2388"]
[BlackElo "1690"]
[Annotator "ChessBase"]
[PlyCount "128"]
[EventDate "2020.11.04"]
[EventType "swiss"]
[SourceTitle "playchess.com"]
[Source "ChessBase"]
[SourceQuality "1"]
[TimeControl "1500+5"]

1. d4 d6 2. e4 Nf6 3. Nc3 Nbd7 4. f4 e5 5. Nf3 exd4 6. Qxd4 c6 7. Be3 d5 8. e5 Ng4 9. Bg1 Nh6 10. Qd2 Bc5 11. O-O-O O-O 12. Bd3 Bxg1 13. Rhxg1 Nc5 14. h3 f6 15. g4 fxe5 16. Nxe5 Nf7 17. Nxf7 Rxf7 18. f5 Nxd3+ 19. cxd3 Bd7 20. Qf2 b5 21. Kb1 Qf6 22. Rde1 a5 23. Qf4 Qh4 24. Qg3 Qxg3 25. Rxg3 g6 26. fxg6 hxg6 27. Kc1 a4 28. a3 Raf8 29. Kd2 Rf2+ 30. Re2 d4 31. Ne4 Rf1 32. Re1 Kg7 33. Rg1 Rxg1 34. Rxg1 Rf3 35. Rg3 Rf1 36. Rg2 Be6 37. Rf2 Rb1 38. Kc2 Rh1 39. Ng5 Bb3+ 40. Kd2 Rb1 41. Rf4 c5 42. Ne4 b4 43. Nxc5 Rxb2+ 44. Kc1 Rc2+ 45. Kb1 bxa3 46. Nxb3 axb3 47. Rf1 a2+ 48. Ka1 Rd2 49. h4 Rxd3 50. Kb2 Rg3 51. h5 g5 52. Rd1 Kf6 53. h6 Kg6 54. Rh1 Kh7 55. Re1 Kxh6 56. Re6+ Kg7 57. Ra6 Kf7 58. Ra4 Ke6 59. Ra5 Kd6 60. Ka1 Rg1+ 61. Kb2 a1=Q+ 62. Rxa1 Rxa1 63. Kxa1 d3 64. Kb2 d2 0-1

[Event "Gaprindashvili Cup Open II Stage 2020"]
[Site "Online"]
[Date "2020.11.08"]
[Round "2.14"]
[White "Chanturia, Lasha"]
[Black "Chighladze, Iveri"]
[Result "0-1"]
[ECO "B02"]
[WhiteElo "1761"]
[BlackElo "2335"]
[Annotator "ChessBase"]
[PlyCount "82"]
[EventDate "2020.11.04"]
[EventType "swiss"]
[SourceTitle "playchess.com"]
[Source "ChessBase"]
[SourceQuality "1"]
[TimeControl "1500+5"]

1. e4 Nf6 2. e5 Nd5 3. Nc3 Nxc3 4. dxc3 Nc6 5. Nf3 g6 6. Bb5 Bg7 7. Bxc6 bxc6 8. O-O O-O 9. Bf4 d6 10. Qe2 c5 11. Rad1 Bb7 12. Nd2 Qc8 13. exd6 exd6 14. Rfe1 Qf5 15. Bg3 Qxc2 16. Rc1 Qa4 17. Qe7 Bh6 18. Red1 Qc6 19. f3 Qe8 20. Qxe8 Rfxe8 21. Kf1 Ba6+ 22. c4 d5 23. b3 dxc4 24. bxc4 Rad8 25. f4 Rd4 26. Kf2 Red8 27. Ke2 Bxf4 28. Bxf4 Rxf4 29. Nf3 Rxd1 30. Rxd1 Rxc4 31. Rd8+ Kg7 32. Ke3 Rc2 33. Rd7 Re2+ 34. Kf4 Rxg2 35. Rxc7 Rxa2 36. Rxa7 Bc4 37. Rc7 Bd5 38. Ng5 Rf2+ 39. Ke3 Rxh2 40. Rxc5 h6 41. Rxd5 Rh5 0-1

[Event "Gaprindashvili Cup Open II Stage 2020"]
[Site "Online"]
[Date "2020.11.08"]
[Round "2.15"]
[White "Tsanatsqenishvili, Alexandre"]
[Black "Mindiashvili, Tengiz"]
[Result "0-1"]
[ECO "C63"]
[WhiteElo "1702"]
[BlackElo "1923"]
[Annotator "NA"]
[PlyCount "36"]
[EventDate "2020.11.04"]
[EventType "swiss"]
[SourceTitle "playchess.com"]
[Source "ChessBase"]
[SourceQuality "1"]
[TimeControl "1500+5"]

1. e4 e5 2. Nf3 Nc6 3. Bb5 f5 4. d3 fxe4 5. dxe4 Nf6 6. O-O d6 7. Nc3 Be7 8. h3 O-O 9. Bc4+ Kh8 10. Ng5 Qe8 11. f4 h6 12. Nf3 exf4 13. Re1 Ne5 14. Bb3 Qg6 15. Bxf4 Nxf3+ 16. Qxf3 Nh5 17. Ne2 Bg5 18. g3 Bxf4 0-1

[Event "Gaprindashvili Cup Open II Stage 2020"]
[Site "Online"]
[Date "2020.11.08"]
[Round "2.17"]
[White "Tsanatsqenishvili, Giorgi"]
[Black "Adamia, Jaba"]
[Result "1/2-1/2"]
[ECO "B47"]
[WhiteElo "1631"]
[BlackElo "1899"]
[Annotator "NA"]
[PlyCount "85"]
[EventDate "2020.11.04"]
[EventType "swiss"]
[SourceTitle "playchess.com"]
[Source "ChessBase"]
[SourceQuality "1"]
[TimeControl "1500+5"]

1. e4 c5 2. Nf3 e6 3. d4 cxd4 4. Nxd4 a6 5. g3 Qc7 6. Bg2 Nc6 7. Be3 Nf6 8. O-O Be7 9. Nc3 O-O 10. Nxc6 dxc6 11. a4 a5 12. f4 e5 13. f5 Rd8 14. Qe2 b6 15. Rfd1 Rxd1+ 16. Rxd1 Ba6 17. Qf3 Rd8 18. g4 Rxd1+ 19. Qxd1 Nd7 20. g5 Bc5 21. Bxc5 Nxc5 22. h4 Qd7 23. Qxd7 Nxd7 24. Kf2 Kf8 25. Nd1 Ke7 26. Ke3 Kd6 27. Bh3 f6 28. g6 h6 29. b3 Nc5 30. Nc3 Nb7 31. Bg4 Kc5 32. Be2 Bxe2 33. Nxe2 Kb4 34. Kd2 Nd6 35. Nc3 Ne8 36. h5 Nc7 37. Kd3 Na6 38. Kd2 Nc5 39. Na2+ Ka3 40. Nc3 Kb2 41. Nd1+ Kb1 42. Nc3+ Kb2 43. Nd1+ 1/2-1/2

[Event "Gaprindashvili Cup Open II Stage 2020"]
[Site "Online"]
[Date "2020.11.08"]
[Round "2.18"]
[White "Endeladze, Ramaz"]
[Black "Gogolashvili, Giorgi"]
[Result "1-0"]
[ECO "A41"]
[WhiteElo "1894"]
[BlackElo "1448"]
[Annotator "NA"]
[PlyCount "83"]
[EventDate "2020.11.04"]
[EventType "swiss"]
[SourceTitle "playchess.com"]
[Source "ChessBase"]
[SourceQuality "1"]
[TimeControl "1500+5"]

1. d4 g6 2. Nf3 Bg7 3. c4 d6 4. Nc3 Nc6 5. g3 e5 6. dxe5 Nxe5 7. Nxe5 Bxe5 8. Bg2 Ne7 9. O-O O-O 10. Bh6 Re8 11. Bg5 Be6 12. Nd5 Bxd5 13. cxd5 Qd7 14. Qd2 Nf5 15. Bh3 Bg7 16. Rfe1 Qb5 17. Bxf5 gxf5 18. Rab1 Re5 19. Rbd1 Rae8 20. e3 Re4 21. b3 Rg4 22. Bf4 Rg6 23. Qc2 Qd7 24. Rc1 Re7 25. Qd3 Be5 26. Rc4 b5 27. Rcc1 b4 28. Rc4 Bc3 29. Rd1 a5 30. a4 Re8 31. Rc6 h5 32. h4 Re4 33. Qb5 Qe7 34. Qb8+ Kg7 35. Qxc7 Qxh4 36. Rxd6 Qg4 37. Rxg6+ Kxg6 38. Rf1 h4 39. f3 Qh3 40. fxe4 fxe4 41. Qd6+ f6 42. Qe6 1-0

[Event "Gaprindashvili Cup Open II Stage 2020"]
[Site "Online"]
[Date "2020.11.08"]
[Round "3.14"]
[White "Adamia, Jaba"]
[Black "Kachkachishvili, Lasha"]
[Result "1-0"]
[ECO "D58"]
[WhiteElo "1899"]
[BlackElo "1681"]
[Annotator "NA RC"]
[PlyCount "105"]
[EventDate "2020.11.04"]
[EventType "swiss"]
[SourceTitle "playchess.com"]
[Source "ChessBase"]
[SourceQuality "1"]
[TimeControl "1500+5"]

1. d4 Nf6 2. c4 e6 3. Nf3 b6 4. Bg5 Bb7 5. e3 Be7 6. Nc3 O-O 7. Bd3 d5 8. cxd5 exd5 9. O-O h6 10. Bh4 c6 11. Rc1 Na6 12. Ne5 Rc8 13. Qf3 Nb4 14. Bb1 c5 15. Qf5 Ne4 16. Bxe7 Qxe7 17. a3 Na6 18. Nxe4 dxe4 19. Bxe4 Bxe4 20. Qxe4 cxd4 21. exd4 Rcd8 22. Rfe1 Qd6 23. Nc6 Rd7 24. Ne7+ Kh8 25. Nf5 Qd5 26. Qf4 Nb8 27. Nxh6 Qxd4 28. Nxf7+ Rfxf7 29. Qxb8+ Rd8 30. Qg3 Rdf8 31. Rc2 Re7 32. Rec1 Qe4 33. h3 Ref7 34. Rc7 Rxc7 35. Rxc7 Qd4 36. Rc3 b5 37. b4 Kg8 38. Re3 Rc8 39. Kh2 Rf8 40. Rf3 Re8 41. Qg5 Re5 42. Qg6 Re7 43. Qc6 Qe5+ 44. g3 Qe2 45. Qd5+ Kh7 46. Rf4 Re5 47. Rh4+ Kg6 48. Qd6+ Re6 49. Qf4 Rf6 50. Qg4+ Qxg4 51. Rxg4+ Kh6 52. Kg2 Rd6 53. Re4 1-0

[Event "Gaprindashvili Cup Open II Stage 2020"]
[Site "Online"]
[Date "2020.11.08"]
[Round "3.15"]
[White "Tsanatsqenishvili, Giorgi"]
[Black "kiladze, Luka"]
[Result "1-0"]
[ECO "B71"]
[WhiteElo "1631"]
[BlackElo "1786"]
[Annotator "NA RC"]
[PlyCount "43"]
[EventDate "2020.11.04"]
[EventType "swiss"]
[SourceTitle "playchess.com"]
[Source "ChessBase"]
[SourceQuality "1"]
[TimeControl "1500+5"]

1. e4 c5 2. Nf3 d6 3. d4 cxd4 4. Nxd4 Nf6 5. Nc3 g6 6. f4 Nc6 7. Nxc6 bxc6 8. e5 Nd7 9. Bc4 d5 10. Nxd5 Nb6 11. Nxb6 Qxb6 12. Qd3 Bf5 13. Qb3 Qd4 14. Bxf7+ Kd8 15. Be3 Qe4 16. O-O-O+ Kc7 17. Rhe1 Rb8 18. Qc3 e6 19. Qa5+ Rb6 20. Qxa7+ Kc8 21. Rd8+ Kxd8 22. Bxb6+ 1-0

[Event "Gaprindashvili Cup Open II Stage 2020"]
[Site "Online"]
[Date "2020.11.08"]
[Round "3.17"]
[White "Qalichava, Akaki"]
[Black "Tsanatsqenishvili, Alexandre"]
[Result "1-0"]
[ECO "B04"]
[WhiteElo "1877"]
[BlackElo "1702"]
[Annotator "NA"]
[PlyCount "81"]
[EventDate "2020.11.04"]
[EventType "swiss"]
[SourceTitle "playchess.com"]
[Source "ChessBase"]
[SourceQuality "1"]
[TimeControl "1500+5"]

1. e4 Nf6 2. e5 Nd5 3. d4 d6 4. c4 Nb6 5. Nf3 Bg4 6. exd6 cxd6 7. Be2 Nc6 8. b3 g6 9. Nc3 Bg7 10. Be3 O-O 11. O-O h6 12. h3 Bxf3 13. Bxf3 f5 14. Qd2 g5 15. d5 Ne5 16. Bd1 Rc8 17. Bxb6 Qxb6 18. Rc1 f4 19. Bc2 Qb4 20. Bb1 Rf6 21. Qc2 a6 22. Qh7+ Kf7 23. Bf5 Rh8 24. Be6+ Kf8 25. Qc2 h5 26. Ne4 g4 27. Nxf6 Bxf6 28. Qe4 gxh3 29. Bxh3 f3 30. gxf3 Qd2 31. Qe3 Qxa2 32. Be6 h4 33. f4 Ng6 34. Kh1 Rh7 35. Rg1 Rg7 36. Bf5 Nh8 37. Rxg7 Kxg7 38. Rg1+ Kh6 39. Be6 Qc2 40. f5+ Kh7 41. Bg8# 1-0

[Event "Gaprindashvili Cup Open II Stage 2020"]
[Site "Online"]
[Date "2020.11.08"]
[Round "3.18"]
[White "Gogolashvili, Giorgi"]
[Black "Chanturia, Lasha"]
[Result "0-1"]
[ECO "C32"]
[WhiteElo "1448"]
[BlackElo "1761"]
[Annotator "NA RC"]
[PlyCount "96"]
[EventDate "2020.11.04"]
[EventType "swiss"]
[SourceTitle "playchess.com"]
[Source "ChessBase"]
[SourceQuality "1"]
[TimeControl "1500+5"]

1. e4 e5 2. f4 d5 3. exd5 e4 4. Nc3 Nf6 5. d3 Bb4 6. Bd2 e3 7. Bxe3 Nxd5 8. Bd2 Bxc3 9. bxc3 Qf6 10. Qe2+ Be6 11. Qe5 Nd7 12. Qxf6 N7xf6 13. c4 Nb6 14. Nf3 O-O 15. Be2 Rfe8 16. Ne5 Rad8 17. O-O Nxc4 18. Nxc4 Bxc4 19. Bf3 Bd5 20. Bxd5 Nxd5 21. Rfe1 f6 22. Kf2 Kf7 23. Kf3 c5 24. Rab1 b6 25. a4 a5 26. Rb5 Rxe1 27. Bxe1 Rd6 28. Rb1 Nb4 29. Bxb4 cxb4 30. Ke3 Rc6 31. Kd2 Ke6 32. Re1+ Kd7 33. g4 Rc3 34. f5 Ra3 35. Re6 Rxa4 36. Rxb6 Kc7 37. Ra6 Kb7 38. Re6 Ra1 39. Re7+ Kb6 40. Rxg7 a4 41. g5 fxg5 42. Ke2 a3 43. Rg8 Rc1 44. f6 a2 45. f7 a1=Q 46. Rb8+ Kc6 47. Rc8+ Kd7 48. f8=Q Re1+ 0-1

[Event "Gaprindashvili Cup Open II Stage 2020"]
[Site "Online"]
[Date "2020.11.08"]
[Round "4.10"]
[White "Tsereteli, Tornike"]
[Black "Adamia, Jaba"]
[Result "0-1"]
[ECO "B22"]
[WhiteElo "1765"]
[BlackElo "1899"]
[Annotator "NA RC"]
[PlyCount "112"]
[EventDate "2020.11.04"]
[EventType "swiss"]
[SourceTitle "playchess.com"]
[Source "ChessBase"]
[SourceQuality "1"]
[TimeControl "1500+5"]

1. e4 c5 2. c3 d5 3. exd5 Qxd5 4. d4 Nc6 5. Nf3 Nf6 6. Be3 cxd4 7. cxd4 e6 8. Nc3 Qd6 9. Bd3 Be7 10. O-O O-O 11. a3 b6 12. Qe2 Bb7 13. Rad1 Ng4 14. Bxh7+ Kxh7 15. Ne4 Qd5 16. Nfg5+ Kg8 17. Qxg4 Bxg5 18. Nxg5 Ne7 19. Qh3 Qf5 20. Qg3 Qg6 21. Nf3 Qh5 22. Ne5 Nf5 23. Qg4 Qxg4 24. Nxg4 Rac8 25. Rc1 Rfd8 26. Rxc8 Rxc8 27. Ne5 Rc2 28. Nf3 Rxb2 29. Rc1 Rb3 30. Ng5 Rxa3 31. h3 Nxe3 32. fxe3 Rxe3 33. Rc7 Rg3 34. h4 f6 35. Nxe6 Rxg2+ 36. Kf1 Be4 37. Rxa7 Rg4 38. Rd7 Bf5 39. d5 Bxe6 40. dxe6 Re4 41. e7 Kf7 42. e8=Q+ Kxe8 43. Rxg7 Rxh4 44. Rb7 Rb4 45. Ke2 f5 46. Kf3 Kd8 47. Rf7 Rb5 48. Kf4 Rc5 49. Rb7 b5 50. Rf7 Kc8 51. Rh7 Rd5 52. Rg7 b4 53. Kg5 b3 54. Kf6 b2 55. Rg1 Rb5 56. Rb1 f4 0-1

[Event "Gaprindashvili Cup Open II Stage 2020"]
[Site "Online"]
[Date "2020.11.08"]
[Round "4.17"]
[White "kiladze, Luka"]
[Black "Kupatadze, Tornike"]
[Result "1-0"]
[ECO "B06"]
[WhiteElo "1786"]
[BlackElo "1657"]
[Annotator "NA RC"]
[PlyCount "49"]
[EventDate "2020.11.04"]
[EventType "swiss"]
[SourceTitle "playchess.com"]
[Source "ChessBase"]
[SourceQuality "1"]
[TimeControl "1500+5"]

1. d4 g6 2. e4 Bg7 3. Nc3 d6 4. Be3 Nc6 5. d5 Ne5 6. f4 Nd7 7. Nf3 e5 8. dxe6 fxe6 9. Bc4 Nb6 10. Bb3 Nf6 11. O-O O-O 12. Ng5 Re8 13. f5 gxf5 14. exf5 d5 15. Bxb6 axb6 16. fxe6 c6 17. Qd3 h6 18. Nf7 Qe7 19. Qg6 h5 20. Nh6+ Kh8 21. Rxf6 Qxf6 22. Qxe8+ Kh7 23. Nf7 Qf4 24. Qe7 Bxe6 25. Ng5+ 1-0

[Event "Gaprindashvili Cup Open II Stage 2020"]
[Site "Online"]
[Date "2020.11.08"]
[Round "4.18"]
[White "Tsanatsqenishvili, Alexandre"]
[Black "Gogolashvili, Giorgi"]
[Result "1-0"]
[ECO "C06"]
[WhiteElo "1702"]
[BlackElo "1448"]
[Annotator "NA RC"]
[PlyCount "121"]
[EventDate "2020.11.04"]
[EventType "swiss"]
[SourceTitle "playchess.com"]
[Source "ChessBase"]
[SourceQuality "1"]
[TimeControl "1500+5"]

1. e4 e6 2. d4 d5 3. Nd2 Nf6 4. e5 Nfd7 5. Bd3 c5 6. c3 Nc6 7. Ne2 Qb6 8. Nf3 cxd4 9. cxd4 f6 10. exf6 Nxf6 11. O-O Bd6 12. Re1 O-O 13. Bf4 Nxd4 14. Nfxd4 e5 15. Bg3 exd4 16. Nxd4 Bxg3 17. hxg3 Ng4 18. Re2 Qh6 19. Nf3 Rxf3 20. Re8+ Rf8 21. Bxh7+ Kxh7 22. Rxf8 Qh2+ 23. Kf1 Qh1+ 24. Ke2 Qxd1+ 25. Rxd1 b6 26. Kf3 Ne5+ 27. Ke3 Bb7 28. Rxa8 Bxa8 29. Kd4 Nc4 30. b3 Nd6 31. Ke5 Nf7+ 32. Ke6 Kg6 33. f4 Nd8+ 34. Kd7 Nc6 35. Kd6 d4 36. g4 Kf6 37. a3 a6 38. Rd3 a5 39. Rh3 Bb7 40. Rh8 d3 41. Rh3 Ne7 42. Rxd3 Bxg2 43. Re3 Nd5 44. Re5 Ne3 45. Rxe3 b5 46. Rc3 Bf1 47. a4 g6 48. axb5 Bxb5 49. Rc5 Be2 50. g5+ Kf7 51. Rxa5 Bf1 52. Ra7+ Kg8 53. Ke6 Bd3 54. Kf6 Bf5 55. b4 Bd3 56. Ra8+ Kh7 57. Kf7 Bc4+ 58. Kf8 Bd5 59. Ra3 Bf3 60. Rxf3 Kh8 61. Rh3# 1-0

[Event "Gaprindashvili Cup Open II Stage 2020"]
[Site "Online"]
[Date "2020.11.08"]
[Round "4.19"]
[White "Nemsadze, Daviti"]
[Black "Tsanatsqenishvili, Giorgi"]
[Result "1-0"]
[ECO "E62"]
[WhiteElo "1690"]
[BlackElo "1631"]
[Annotator "NA RC"]
[PlyCount "111"]
[EventDate "2020.11.04"]
[EventType "swiss"]
[SourceTitle "playchess.com"]
[Source "ChessBase"]
[SourceQuality "1"]
[TimeControl "1500+5"]

1. d4 Nf6 2. c4 g6 3. Nf3 Bg7 4. g3 O-O 5. Bg2 d6 6. O-O Nc6 7. Nc3 e5 8. d5 Ne7 9. e4 h6 10. h3 Ne8 11. Be3 f5 12. Qd2 Kh7 13. Rae1 Nf6 14. exf5 Nxf5 15. Qc2 Nxe3 16. Rxe3 Bf5 17. Qe2 g5 18. Nd2 Qd7 19. g4 Bg6 20. Nde4 Nxe4 21. Bxe4 Bxe4 22. Nxe4 Rf4 23. Ng3 Re8 24. Nh5 Rd4 25. Rd1 Rxd1+ 26. Qxd1 Rf8 27. Qd3+ Kg8 28. Kg2 Qf7 29. Rf3 Qxf3+ 30. Qxf3 Rxf3 31. Kxf3 e4+ 32. Kxe4 Bxb2 33. Kf5 Kf7 34. f4 Bc1 35. fxg5 Bxg5 36. Ng3 c6 37. Ne4 Be7 38. h4 cxd5 39. cxd5 b5 40. g5 hxg5 41. hxg5 a5 42. g6+ Kg7 43. Ke6 Bf8 44. Nxd6 b4 45. Nf5+ Kxg6 46. d6 Bxd6 47. Nxd6 a4 48. Nc4 a3 49. Nd2 Kg5 50. Kd5 Kf4 51. Kc4 Ke3 52. Nb1 Ke4 53. Kxb4 Kd5 54. Nxa3 Kc6 55. Nb5 Kb6 56. a4 1-0

[Event "Gaprindashvili Cup Open II Stage 2020"]
[Site "Online"]
[Date "2020.11.08"]
[Round "5.13"]
[White "Kachkachishvili, Lasha"]
[Black "kiladze, Luka"]
[Result "0-1"]
[ECO "A48"]
[WhiteElo "1681"]
[BlackElo "1786"]
[Annotator "NA RC"]
[PlyCount "60"]
[EventDate "2020.11.04"]
[EventType "swiss"]
[SourceTitle "playchess.com"]
[Source "ChessBase"]
[SourceQuality "1"]
[TimeControl "1500+5"]

1. Nf3 g6 2. d4 Bg7 3. Bf4 Nf6 4. h3 d6 5. e3 O-O 6. Be2 Nfd7 7. O-O e5 8. Bh2 Nc6 9. c4 h6 10. Nc3 a6 11. Rc1 Re8 12. d5 Ne7 13. e4 f5 14. b4 Nf6 15. Bd3 f4 16. c5 g5 17. Nd2 h5 18. f3 g4 19. fxg4 hxg4 20. g3 Ng6 21. h4 Nh5 22. Qe1 Bh6 23. gxf4 exf4 24. Be2 Nxh4 25. Nc4 Qg5 26. e5 g3 27. Bf3 Nxf3+ 28. Rxf3 Qh4 29. Qd2 Bg4 30. Rd3 f3 0-1

[Event "Gaprindashvili Cup Open II Stage 2020"]
[Site "Online"]
[Date "2020.11.08"]
[Round "5.14"]
[White "Tsanatsqenishvili, Giorgi"]
[Black "Tsereteli, Tornike"]
[Result "1-0"]
[ECO "C06"]
[WhiteElo "1631"]
[BlackElo "1765"]
[Annotator "NA RC"]
[PlyCount "99"]
[EventDate "2020.11.04"]
[EventType "swiss"]
[SourceTitle "playchess.com"]
[Source "ChessBase"]
[SourceQuality "1"]
[TimeControl "1500+5"]

1. e4 e6 2. d4 d5 3. Nd2 Nf6 4. e5 Nfd7 5. Bd3 c5 6. c3 Nc6 7. Ne2 cxd4 8. cxd4 f6 9. exf6 Nxf6 10. O-O Bd6 11. Nf3 O-O 12. Bg5 Qc7 13. Rc1 h6 14. Bxf6 Rxf6 15. Ng3 Qf7 16. Bb1 Bd7 17. Qd3 g5 18. Rfe1 Bxg3 19. fxg3 Rf8 20. a3 Qg7 21. Ne5 Be8 22. Nxc6 Bxc6 23. Re5 Qf7 24. h3 a6 25. Rce1 Bd7 26. Bc2 Rf2 27. a4 b5 28. b3 Rc8 29. Bd1 Rc1 30. Qe3 Rxd1 31. Rxd1 Rf6 32. axb5 Bxb5 33. Re1 Bd7 34. Qe2 Bb5 35. Qg4 Bd7 36. Kh2 Kh7 37. R1e3 Rf1 38. Rf3 Rxf3 39. Qxf3 Qxf3 40. gxf3 Kg6 41. Kg2 Kf6 42. g4 Bb5 43. Kg3 Bd3 44. Re3 Bf1 45. h4 Bb5 46. f4 Bd7 47. Re1 gxf4+ 48. Kxf4 Bb5 49. g5+ hxg5+ 50. hxg5+ 1-0

[Event "Gaprindashvili Cup Open II Stage 2020"]
[Site "Online"]
[Date "2020.11.08"]
[Round "5.15"]
[White "Chanturia, Lasha"]
[Black "Qalichava, Akaki"]
[Result "0-1"]
[ECO "A03"]
[WhiteElo "1761"]
[BlackElo "1877"]
[Annotator "NA RC"]
[PlyCount "126"]
[EventDate "2020.11.04"]
[EventType "swiss"]
[SourceTitle "playchess.com"]
[Source "ChessBase"]
[SourceQuality "1"]
[TimeControl "1500+5"]

1. b3 d5 2. Bb2 Nf6 3. e3 c5 4. f4 Nc6 5. Nf3 e6 6. Be2 Be7 7. O-O O-O 8. Ne5 Qc7 9. Nxc6 Qxc6 10. Qe1 b6 11. d3 Bb7 12. Qg3 Ne8 13. Nd2 Bf6 14. Bxf6 Nxf6 15. Nf3 b5 16. a4 a6 17. Ne5 Qc7 18. h4 Nd7 19. h5 f6 20. Ng4 f5 21. Ne5 Nxe5 22. fxe5 Bc6 23. axb5 axb5 24. h6 g6 25. d4 Qb6 26. Bh5 Kh8 27. Rxa8 Rxa8 28. dxc5 Qxc5 29. Qg5 Qf8 30. Bf3 b4 31. Rd1 Kg8 32. g4 Qf7 33. gxf5 Qxf5 34. Qxf5 gxf5 35. Kf2 Kf8 36. Rg1 Ra7 37. Ke2 Be8 38. Kd3 Bg6 39. c4 bxc3 40. Kxc3 Rc7+ 41. Kb2 f4 42. exf4 Rc2+ 43. Ka3 Rf2 44. Rg3 d4 45. Bd1 Rxf4 46. Rf3 Rxf3 47. Bxf3 Bd3 48. Kb2 Kf7 49. Bh5+ Ke7 50. Kc1 Kd7 51. Kd2 Bf5 52. Be2 Kc6 53. Bc4 Kc5 54. Ba6 Kd5 55. b4 Kxe5 56. b5 Kd6 57. b6 Kc6 58. b7 Kc7 59. Ke2 e5 60. Kf3 Bb1 61. Ke2 Be4 62. Kd2 Bxb7 63. Bc4 Be4 0-1

[Event "Gaprindashvili Cup Open II Stage 2020"]
[Site "Online"]
[Date "2020.11.08"]
[Round "5.16"]
[White "Elashvili, Giorgi"]
[Black "Tsanatsqenishvili, Alexandre"]
[Result "1-0"]
[ECO "A58"]
[WhiteElo "1857"]
[BlackElo "1702"]
[Annotator "NA RC"]
[PlyCount "163"]
[EventDate "2020.11.04"]
[EventType "swiss"]
[SourceTitle "playchess.com"]
[Source "ChessBase"]
[SourceQuality "1"]
[TimeControl "1500+5"]

1. Nf3 Nf6 2. d4 g6 3. g3 Bg7 4. Bg2 O-O 5. O-O d6 6. c4 c5 7. d5 a6 8. Nc3 b5 9. cxb5 axb5 10. Nxb5 Ba6 11. Nc3 Nbd7 12. Re1 Qa5 13. Bd2 Rfb8 14. Qc2 Ng4 15. b3 c4 16. Na4 Qb5 17. Rab1 Rc8 18. Qe4 Ngf6 19. Qxe7 Nxd5 20. Qxd6 c3 21. Bf4 Bf8 22. Nd4 Bxd6 23. Nxb5 Bxf4 24. gxf4 Bxb5 25. Bxd5 Rab8 26. Rbc1 Bxa4 27. bxa4 Rb2 28. Bb3 Nf6 29. Rc2 Rxc2 30. Bxc2 Nd5 31. Rb1 Nxf4 32. Kf1 Kg7 33. e3 Ne6 34. Ke2 h5 35. Rb3 Kf6 36. a5 Rc6 37. Ra3 Rc8 38. a6 Ke7 39. a7 Ra8 40. Be4 c2 41. Bxc2 Nc5 42. Bb3 Nxb3 43. axb3 Kd6 44. h4 Kc5 45. Ra4 Kb5 46. Kd3 Rd8+ 47. Rd4 Ra8 48. Rd7 f5 49. f4 Kb4 50. Rb7+ Kc5 51. b4+ Kd5 52. Rg7 Kc6 53. Rxg6+ Kb5 54. Rg5 Rd8+ 55. Kc3 Kb6 56. Rxf5 Kxa7 57. Rxh5 Re8 58. Kd4 Kb6 59. Rc5 Rh8 60. h5 Rd8+ 61. Rd5 Re8 62. e4 Kc6 63. b5+ Kc7 64. f5 Rh8 65. f6 Rh6 66. f7 Rh8 67. Rf5 Rf8 68. h6 Kd7 69. h7 Ke7 70. h8=Q Rxh8 71. f8=Q+ Rxf8 72. Rxf8 Kxf8 73. b6 Ke7 74. b7 Kf6 75. b8=Q Kg5 76. Qf8 Kg4 77. e5 Kg3 78. Ke3 Kg2 79. Qf3+ Kg1 80. Qe2 Kh1 81. Kf3 Kg1 82. Qg2# 1-0